AoeStats
← SupremeSEITAN

Arena

510172628Analyzed
4v4 RM · 2d ago on Sep 29, 2026· 32m 48s· 8 players
Game mode
Random Map
Map size
Large (8 player)
Population
200
Speed
Normal
Resources
Standard
Victory
Conquest
Starting age
Dark Age
Ending age
Imperial Age
RankedLock teamsTeams togetherTeam positionsShared explorationLock speedFull tech treeHidden civsTurbo modeCheats
Victory
Defeat
🇪🇸 Malay · Spain
978
+12
🇳🇱 Romans · Netherlands
938
+14
🇪🇸 Celts · Spain
933
+14
🇳🇱 Danes · Netherlands
811
+19
🇨🇱 Celts · Chile
925
-16
🇺🇸 Teutons · United States
917
-16
🇪🇸 Burgundians · Spain
885
-15
🇦🇷 Poles · Argentina
813
-12
decayon
12:23 Feudal Age
13:40 Double-Bit Axe
16:39 Castle Age
14:31 Gold Mining
14:33 Stone Mining
15:49 Horse Collar
17:22 Town Watch
18:16 Stone Shaft Mining
18:00 Bow Saw
17:52 Town Watch
20:12 Gold Mining
21:32 Fletching
21:31 Loom
22:49 Bodkin Arrow
Sickasdasd
0:29 Loom
11:09 Feudal Age
11:56 Double-Bit Axe
17:26 Castle Age
19:32 Wheelbarrow
19:39 Bow Saw
28:02 Scale Mail Armor
28:12 Forging
33:37 Imperial Age
Trex85
7:35 Double-Bit Axe
7:32 Horse Collar
12:15 Feudal Age
11:16 Stone Mining
11:32 Gold Mining
17:20 Castle Age
17:16 Heavy Plow
17:29 Bow Saw
17:12 Gold Mining
18:26 Stone Shaft Mining
19:13 Wheelbarrow
18:26 Loom
19:43 Cavalier
20:36 Scale Barding Armor
25:19 Husbandry
26:15 Hand Cart
25:47 Town Watch
28:37 Forging
29:08 Fletching
Nidd
12:36 Feudal Age
14:12 Double-Bit Axe
17:37 Castle Age
17:50 Horse Collar
19:04 Bow Saw
18:55 Heavy Plow
18:47 Gold Mining
18:47 Loom
21:33 Szlachta Privileges
28:38 Scale Barding Armor
28:44 Forging
32:20 Chain Barding Armor
32:35 Iron Casting
33:17 Wheelbarrow
SupremeSEITAN
11:51 Feudal Age
15:39 Castle Age
27:59 Ballistics
28:10 Horse Collar
32:21 Wheelbarrow
Rad el Bárbaro
11:01 Feudal Age
12:28 Double-Bit Axe
12:26 Horse Collar
14:17 Town Watch
15:35 Loom
18:40 Castle Age
19:31 Bow Saw
19:25 Heavy Plow
18:54 Man-at-Arms
19:49 Forging
19:40 Scale Mail Armor
20:25 Town Patrol
20:39 Long Swordsman
21:52 Gold Mining
22:41 Squires
26:39 Iron Casting
26:20 Chain Mail Armor
29:30 Wheelbarrow
35:23 Imperial Age
paingemBN
10:17 Feudal Age
8:33 Loom
14:58 Castle Age
13:21 Horse Collar
14:43 Gold Mining
14:51 Double-Bit Axe
17:18 Wheelbarrow
22:57 Forging
24:27 Iron Casting
30:53 Imperial Age
30:17 Heavy Plow
30:30 Bow Saw
29:53 Capped Ram
31:49 Blast Furnace
32:28 Elite Karambit Warrior
Ruli
12:58 Feudal Age
17:11 Castle Age
15:21 Double-Bit Axe
16:00 Gold Mining
22:21 Loom
24:05 Wheelbarrow
32:17 Ballistics
32:03 Hamask
33:01 Padded Archer Armor
33:02 Scale Mail Armor
Connection lost

Rejoining the realm…

Still unreachable

The connection could not be restored.

Session expired

The server has moved on; the page needs a fresh start.